 Dungeon Crawl Stone Soup version 0.26.0-11-g8f856b5395 (webtiles) character file.

Game seed: 1416052347332157595

92 jiml777 the Skirmisher (level 4, -2/37 HPs)
             Began as a Demonspawn Abyssal Knight on Jan 15, 2021.
             Was a Believer of Lugonu.
             Slain by an orc warrior
             ... wielding a +0 dire flail
              (6 damage)
             ... on level 4 of the Dungeon.
             The game lasted 00:07:40 (2374 turns).

jiml777 the Skirmisher (Demonspawn Abyssal Knight)  Turns: 2374, Time: 00:07:41

Health: -2/37      AC:  6    Str: 14    XL:     4   Next: 35%
Magic:  15/15      EV: 11    Int: 15    God:    Lugonu [**....]
Gold:   115        SH:  0    Dex: 14    Spells: 3/3 levels left

rFire    . . .     SeeInvis .   a - +1 hand axe
rCold    . . .     Faith    .   (no shield)
rNeg     . . .     Spirit   .   b - +0 leather armour
rPois    .         Reflect  .   (helmet restricted)
rElec    .         Harm     .   k - +0 cloak
rCorr    .         Rampage  .   (no gloves)
Will     .....                  h - +0 pair of boots
Stlth    +.........             (no amulet)
HPRegen  0.12/turn              q - ring of magical power
MPRegen  0.14/turn              (no ring)

@: lethally poisoned (-2 -> -6)
A: antennae 1, talons 1, agile 1, clever 1, powered by death 1, shaggy fur 1
a: Renounce Religion, Depart the Abyss, Bend Space


You were on level 4 of the Dungeon.
You worshipped Lugonu.
Lugonu was pleased with you.
You visited 1 branch of the dungeon, and saw 4 of its levels.
You visited the Abyss 1 time.

You collected 115 gold pieces.

Inventory:

Hand Weapons
 a - a +1 hand axe (weapon)
Missiles
 d - 3 curare-tipped darts
 n - 32 sling bullets
 o - 26 arrows
Armour
 b - a +0 leather armour (worn)
 h - a +0 pair of boots (worn)
 k - a +0 cloak (worn)
Jewellery
 q - a ring of magical power (left hand)
Wands
 r - a wand of paralysis (7)
Scrolls
 e - a scroll of fear
 g - a scroll of remove curse
Potions
 f - a potion of invisibility {unknown}
 i - a potion of ambrosia {unknown}
 j - a potion of brilliance {unknown}
 p - 2 potions of flight


   Skills:
 + Level 3.7 Fighting
 + Level 2.6 Axes
 + Level 2.5 Armour
 + Level 1.1 Dodging
 + Level 0.5 Stealth
 + Level 3.0 Invocations


You had 3 spell levels left.
You didn't know any spells.
Your spell library was empty.

Dungeon Overview and Level Annotations

Branches:
Dungeon (4/15)             Temple (0/1) D:4

Altars:
Gozag
Makhleb


Innate Abilities, Weirdness & Mutations

You have a pair of small antennae on your head.
You have sharp toenails.
You regenerate a little health from kills.
You are agile. (Dex +2)
Your mind is acute. (Int +2)
You are covered in fur. (AC +1)


Message History

You closely miss the adder. You closely miss the orc warrior.
You feel sick.
The orc throws a boomerang.
The boomerang hits you but does no damage.
The weapon returns to the orc!
The orc warrior hits you with a +0 dire flail!
* * * LOW HITPOINT WARNING * * *
The adder bites you.
* * * LOW HITPOINT WARNING * * *
You are more poisoned.
The adder poisons you! The orc hits you.
* * * LOW HITPOINT WARNING * * *
You closely miss the adder. You closely miss the orc.
You hit the orc warrior but do no damage.
* * * LOW HITPOINT WARNING * * *
You feel sick. The adder bites you but does no damage.
The orc throws a boomerang.
The boomerang hits you but does no damage.
The weapon returns to the orc!
The orc warrior hits you with a +0 dire flail.
You die...

...................
...................
...#........o.....#
#..............#
.o...............##
..#....o...o.###...#
...#.........####.#
..##.......h.##.o.####.
.............##@.......
##....#...oloS.##.<.o
#....#...###.## .
.........# ..#
...#....# ...
##...##...... #.##
.>..... .. .#...#..
###..>


You could see an orc warrior, an orc priest, an adder, 2 orcs and a leopard
gecko.

Vanquished Creatures
  An orc wizard (D:3)
  An adder (D:2)
  A worm (D:2)
  5 orcs
  4 bats
  2 giant cockroaches (D:2)
  9 goblins
  4 hobgoblins
  2 jackals (D:2)
  8 kobolds
  3 frilled lizards (D:1)
  6 rats
46 creatures vanquished.

Notes
Turn   | Place    | Note
-------+----------+-------------------------------------------
     0 | Abyss:1  | jiml777 the Demonspawn Abyssal Knight began the quest for
                  | the Orb.
     0 | Abyss:1  | Reached XP level 1. HP: 18/18 MP: 2/2
    20 | D:1      | Escaped the Abyss
   191 | D:1      | Gained mutation: You regenerate a little health from kills.
                  | [demonic ancestry]
   191 | D:1      | Reached XP level 2. HP: 24/24 MP: 4/4
  1090 | D:2      | Reached ** piety under Lugonu
  1091 | D:2      | Gained mutation: You have a pair of small antennae on your
                  | head. [demonic ancestry]
  1091 | D:2      | Reached XP level 3. HP: 16/29 MP: 5/5
  1406 | D:2      | Reached skill level 1 in Dodging
  1849 | D:3      | Found an opulent altar of Gozag.
  1849 | D:3      | Found a burning altar of Makhleb.
  1888 | D:3      | HP: 1/29 [poisoned by kobold (curare-tipped dart)]
  2243 | D:3      | Gained mutation: You have sharp toenails. [demonic
                  | ancestry]
  2243 | D:3      | Reached XP level 4. HP: 27/37 MP: 6/6
  2334 | D:3      | Gained mutation: You are agile. (Dex +2) [potion of
                  | mutation]
  2334 | D:3      | Gained mutation: You are covered in fur. (AC +1) [potion of
                  | mutation]
  2334 | D:3      | Gained mutation: Your mind is acute. (Int +2) [potion of
                  | mutation]
  2359 | D:4      | Noticed an orc warrior
  2365 | D:4      | Found a staircase to the Ecumenical Temple.
  2374 | D:4      | Slain by an orc warrior

Illustrated notes

Levels and vault maps discovered:
D:1:      dpeg_arrival_erosion, layout_rooms, kennysheep_small_spiral,
          skrybe_limestone_x
D:2:      cheibrodos_helix_gallery, layout_rooms
D:3:      layout_basic, grunt_temple_overflow_open,
          chequers_serial_rivers_micro_b, grunt_ministairs_14,
          minmay_three_crescents, uniq_terence
D:4:      cheibrodos_greedy_goblins, layout_cave_pools,
          minmay_temple_entry_tees, serial_glass, glass_columns_a,
          glass_columns_b, glass_columns_c, glass_columns_a, glass_columns_a,
          glass_columns_a, glass_columns_a, glass_columns_b,
          gup_ossuary_entry_pyramid, nicolae_qazlal_general_emergency

Skill      XL: |  1  2  3 |
---------------+----------+-----
Axes           | 2 |  2.6
Invocations    | 3 |  3.0
Armour         | 2 |  2.5
Dodging        | 1 |  1.1
Fighting       | |  3.7
Stealth        | |  0.5

Action                   |  1- 3 |  4- 6 || total
-------------------------+-------+-------++-------
Melee: Hand axe          |   137 |    13 ||   150
  Use: Scroll            |     4 |     2 ||     6
       Potion            |     3 |     1 ||     4
 Stab: Sleeping          |     1 |       ||     1
Armor: Leather armour    |    51 |     8 ||    59
Dodge: Dodged            |    99 |     9 ||   108
